SKY
HOUSTON ASTROS @ LAS VEGAS KNIGHTS
06/01/2052
 
TOP OF THE 1ST
Houston Astros batting - Pitching for Las Vegas Knights : RHP Noah Bell
Pitching: RHP Noah Bell
Batting: RHB Nicky Alvarez 0-0: Called Strike
0-1: Ball
1-1: Foul Ball, location: 5FF
1-2: Strikes out looking
Batting: RHB Joshua Massengill 0-0: Foul Ball, location: 9LSF
0-1: Ground out 6-3 (Groundball, 6, EV 83.1 MPH)
Batting: RHB Stephan Davis 0-0: Called Strike
0-1: Ball
1-1: Fly out, F4 (Flyball, 34D, EV 101.9 MPH)
Top of the 1st over - 0 runs, 0 hits, 0 errors, 0 left on base; Houston 0 - Las Vegas 0
BOTTOM OF THE 1ST
Las Vegas Knights batting - Pitching for Houston Astros : LHP Jordan Dozier
Pitching: LHP Jordan Dozier
Batting: RHB Dexter Hines 0-0: Ball
1-0: Ball
2-0: Ball
3-0: Called Strike
3-1: Swinging Strike
3-2: Fly out, F3 (Popup, 3F, EV 67.5 MPH)
Batting: RHB Tyler Sexton 0-0: Called Strike
0-1: Ball
1-1: Ball
2-1: Fly out, F3 (Line Drive, 3, EV 66.3 MPH)
Batting: RHB Sam Graham 0-0: Ball
1-0: Called Strike
1-1: Ball
2-1: Foul Ball, location: 5F
2-2: Fly out, F7 (Flyball, 78S, EV 91.9 MPH)
Bottom of the 1st over - 0 runs, 0 hits, 0 errors, 0 left on base; Houston 0 - Las Vegas 0
TOP OF THE 2ND
Houston Astros batting - Pitching for Las Vegas Knights : RHP Noah Bell
Batting: RHB Bill Thyfault 0-0: Foul Ball, location: 2F
0-1: Swinging Strike
0-2: Strikes out swinging
Batting: LHB Caleb England 0-0: Ball
1-0: Foul Ball, location: 2F
1-1: Ball
2-1: Foul Ball, location: 23FF
2-2: Ball
3-2: SINGLE (Line Drive, 56, EV 100.0 MPH)
Batting: RHB Lucas Hansen 0-0: Ball
1-0: Called Strike
1-1: Called Strike
1-2: Strikes out swinging
Batting: LHB Austin Mitchell 0-0: Ball
1-0: Called Strike
1-1: Foul Ball, location: 3FF
1-2: Ball
2-2: Ball
3-2: Strikes out looking
Top of the 2nd over - 0 runs, 1 hit, 0 errors, 1 left on base; Houston 0 - Las Vegas 0
BOTTOM OF THE 2ND
Las Vegas Knights batting - Pitching for Houston Astros : LHP Jordan Dozier
Batting: SHB Craig Boisselle 0-0: Called Strike
0-1: Called Strike
0-2: Fly out, F2 (Popup, 2RF, EV 87.5 MPH)
Batting: RHB Jackson Dziedzic 0-0: Called Strike
0-1: Ball
1-1: Foul Ball, location: 5F
1-2: Strikes out looking
Batting: RHB Lorenzo Canales 0-0: Ball
1-0: Called Strike
1-1: SINGLE (Line Drive, 89M, EV 88.1 MPH)
Batting: RHB Wayne Dykes 0-0: Foul Ball, location: 2F
0-1: DOUBLE (Groundball, 5L, EV 102.5 MPH)
Lorenzo Canales to third
Batting: SHB Patrick Alvarez 0-0: Called Strike
0-1: Swinging Strike
0-2: SINGLE (Line Drive, 7S, EV 97.5 MPH)
Lorenzo Canales scores
Wayne Dykes to third
Runner from 3rd tries for Home, SAFE, throw by LF to home
Patrick Alvarez to second
Batting: RHB Asok Abhijata 0-0: Foul Ball, location: 9LSF
0-1: Ball
1-1: Ground out 4-3 (Groundball, 4, EV 81.9 MPH)
Bottom of the 2nd over - 2 runs, 3 hits, 0 errors, 1 left on base; Houston 0 - Las Vegas 2
TOP OF THE 3RD
Houston Astros batting - Pitching for Las Vegas Knights : RHP Noah Bell
Batting: RHB P.J. Sandino 0-0: Called Strike
0-1: Foul Ball, location: 2F
0-2: Ball
1-2: Fly out, F9 (Flyball, 89S, EV 96.3 MPH)
Batting: RHB Nick Burkard 0-0: Foul Ball, location: 9LDF
0-1: Ground out 6-3 (Groundball, 6, EV 74.4 MPH)
Batting: RHB Nicky Alvarez 0-0: Called Strike
0-1: Called Strike
0-2: Ball
1-2: Foul Ball, location: 5FF
1-2: SINGLE (Groundball, 6MD, EV 94.4 MPH)
Batting: RHB Joshua Massengill 0-0: Called Strike
0-1: Ball
1-1: Fly out, F7 (Flyball, 7S, EV 73.8 MPH)
Top of the 3rd over - 0 runs, 1 hit, 0 errors, 1 left on base; Houston 0 - Las Vegas 2
BOTTOM OF THE 3RD
Las Vegas Knights batting - Pitching for Houston Astros : LHP Jordan Dozier
Batting: RHB Dexter Hines 0-0: Called Strike
0-1: Foul Ball, location: 2F
0-2: Strikes out swinging
Batting: RHB Tyler Sexton 0-0: DOUBLE (Line Drive, 7LD, EV 105.0 MPH)
Batting: RHB Sam Graham 0-0: Ball
1-0: Called Strike
1-1: Fly out, F2 (Popup, 3SF, EV 78.1 MPH)
Batting: SHB Craig Boisselle 0-0: Called Strike
0-1: Swinging Strike
0-2: Ball
1-2: Strikes out swinging
Bottom of the 3rd over - 0 runs, 1 hit, 0 errors, 1 left on base; Houston 0 - Las Vegas 2
TOP OF THE 4TH
Houston Astros batting - Pitching for Las Vegas Knights : RHP Noah Bell
Batting: RHB Stephan Davis 0-0: Swinging Strike
0-1: Called Strike
0-2: Strikes out swinging, 2-3 out at first.
Batting: RHB Bill Thyfault 0-0: Ball
1-0: Called Strike
1-1: Foul Ball, location: 9LMF
1-2: Ground out 3-1 (Groundball, 34, EV 105.0 MPH)
Batting: LHB Caleb England 0-0: Ball
1-0: Foul Ball, location: 3SF
1-1: Ground out U3 (Groundball, 3, EV 86.9 MPH)
Top of the 4th over - 0 runs, 0 hits, 0 errors, 0 left on base; Houston 0 - Las Vegas 2
BOTTOM OF THE 4TH
Las Vegas Knights batting - Pitching for Houston Astros : LHP Jordan Dozier
Batting: RHB Jackson Dziedzic 0-0: Ball
1-0: SINGLE (Line Drive, 6M, EV 98.1 MPH)
Batting: RHB Lorenzo Canales 0-0: Ball
1-0: Bunt missed!
1-1: Sac Bunt to 2L - play at first, batter OUT! 2-3
Jackson Dziedzic to second
Batting: RHB Wayne Dykes 0-0: Ball
1-0: Foul Ball, location: 9LMF
1-1: Called Strike
1-2: Ball
2-2: Ball
3-2: Base on Balls
Batting: SHB Patrick Alvarez 0-0: Ball
1-0: Called Strike
1-1: Called Strike
1-2: DOUBLE (Line Drive, 7LS, EV 112.5 MPH)
Jackson Dziedzic scores
Wayne Dykes to third
Runner from 3rd tries for Home, SAFE, no throw by LF
Batting: RHB Asok Abhijata 0-0: Ball
1-0: Ball
2-0: Ball
3-0: Called Strike
3-1: Foul Ball, location: 2F
3-2: Foul Ball, location: 3DF
3-2: Base on Balls
Batting: RHB Dexter Hines 0-0: Ball
1-0: Ball
2-0: Ball
3-0: Called Strike
3-1: Foul Ball, location: 3FF
3-2: Foul Ball, location: 2F
3-2: SINGLE (Groundball, 6MD, EV 111.3 MPH)
Patrick Alvarez to third
Asok Abhijata to second
Batting: RHB Tyler Sexton 0-0: Ball
1-0: Ball
2-0: Called Strike
2-1: Ball
3-1: Fly out, F8 (Line Drive, 8RD, EV 89.4 MPH)
Runner from 3rd tags up, SCORES, throw by CF
Asok Abhijata to third
Pitching: RHP Alexis Robles
Batting: RHB Sam Graham 0-0: Ball
1-0: Called Strike
1-1: Called Strike
1-2: Ball
2-2: Ball
3-2: Strikes out swinging
Bottom of the 4th over - 3 runs, 3 hits, 0 errors, 2 left on base; Houston 0 - Las Vegas 5
TOP OF THE 5TH
Houston Astros batting - Pitching for Las Vegas Knights : RHP Noah Bell
Batting: RHB Lucas Hansen 0-0: Ball
1-0: Called Strike
1-1: Swinging Strike
1-2: Hit by Pitch
Batting: LHB Austin Mitchell 0-0: Called Strike
0-1: Fly out, F9 (Line Drive, 9S, EV 92.5 MPH)
Batting: RHB P.J. Sandino 0-0: Called Strike
0-1: Fielders Choice at 2nd, 5-4 (Groundball, 56, EV 104.4 MPH)
Batting: RHB Nick Burkard 0-0: SINGLE (Line Drive, 6M, EV 61.9 MPH)
P.J. Sandino to second
Batting: RHB Nicky Alvarez 0-0: DOUBLE (Flyball, 8LD, EV 98.8 MPH)
P.J. Sandino scores
Nick Burkard to third
Runner from 3rd tries for Home, SAFE, throw by CF to home
Batting: RHB Joshua Massengill 0-0: Fly out, F9 (Flyball, 89M, EV 83.8 MPH)
Top of the 5th over - 2 runs, 2 hits, 0 errors, 1 left on base; Houston 2 - Las Vegas 5
BOTTOM OF THE 5TH
Las Vegas Knights batting - Pitching for Houston Astros : RHP Alexis Robles
Batting: SHB Craig Boisselle 0-0: Called Strike
0-1: Called Strike
0-2: Ball
1-2: Foul Ball, location: 2F
1-2: Ball
2-2: Ball
3-2: Base on Balls
Batting: RHB Jackson Dziedzic 0-0: Foul Ball, location: 2F
0-1: Ball
1-1: Called Strike
1-2: Foul Ball, location: 5FF
1-2: Fly out, F7 (Flyball, 7LMF, EV 110.6 MPH)
Batting: RHB Lorenzo Canales 0-0: Called Strike
0-1: DOUBLE (Line Drive, 7LM, EV 109.4 MPH)
Craig Boisselle to third
Runner from 3rd tries for Home, SAFE, no throw by LF
Batting: RHB Wayne Dykes 0-0: Ball
1-0: Ground out 5-3 (Groundball, 56, EV 85.6 MPH)
Lorenzo Canales to third
Batting: SHB Patrick Alvarez 0-0: Ball
1-0: Called Strike
1-1: 2-RUN HOME RUN (Flyball, 89XD, EV 113.1 MPH), Distance : 448 ft
Batting: RHB Asok Abhijata 0-0: Ground out 1-3 (Groundball, P, EV 73.1 MPH)
Bottom of the 5th over - 3 runs, 2 hits, 0 errors, 0 left on base; Houston 2 - Las Vegas 8
TOP OF THE 6TH
Houston Astros batting - Pitching for Las Vegas Knights : RHP Noah Bell
Batting: RHB Stephan Davis 0-0: Foul Ball, location: 5F
0-1: Foul Ball, location: 3F
0-2: Ball
1-2: Ball
2-2: SINGLE (Line Drive, 3D, EV 95.6 MPH)
Batting: RHB Bill Thyfault 0-0: Ball
1-0: Ball
2-0: Fielders Choice at 2nd, 4-6 (Groundball, 4, EV 84.4 MPH)
Batting: LHB Caleb England 0-0: Called Strike
0-1: Ball
1-1: Called Strike
1-2: Fly out, F7 (Line Drive, 7S, EV 93.8 MPH)
Batting: RHB Lucas Hansen 0-0: Foul Ball, location: 2F
0-1: Ball
1-1: Foul Ball, location: 9LMF
1-2: Strikes out swinging
Top of the 6th over - 0 runs, 1 hit, 0 errors, 1 left on base; Houston 2 - Las Vegas 8
BOTTOM OF THE 6TH
Las Vegas Knights batting - Pitching for Houston Astros : RHP Alexis Robles
Batting: RHB Dexter Hines 0-0: Ball
1-0: Called Strike
1-1: Called Strike
1-2: Ground out 6-3 (Groundball, 6MD, EV 98.1 MPH)
Batting: RHB Tyler Sexton 0-0: Ball
1-0: Ball
2-0: Called Strike
2-1: Fly out, F9 (Line Drive, 9S, EV 98.8 MPH)
Batting: RHB Sam Graham 0-0: Called Strike
0-1: Ball
1-1: Ball
2-1: Called Strike
2-2: Foul Ball, location: 2F
2-2: Ground out 5-3 (Groundball, 56, EV 101.9 MPH)
Bottom of the 6th over - 0 runs, 0 hits, 0 errors, 0 left on base; Houston 2 - Las Vegas 8
TOP OF THE 7TH
Houston Astros batting - Pitching for Las Vegas Knights : RHP Noah Bell
Batting: LHB Austin Mitchell 0-0: Ball
1-0: SOLO HOME RUN (Flyball, 9D, EV 93.1 MPH), Distance : 367 ft
Batting: RHB P.J. Sandino 0-0: Swinging Strike
0-1: SINGLE (Line Drive, 89S, EV 95.0 MPH)
Batting: RHB Nick Burkard 0-0: Fly out, F9 (Line Drive, 9D, EV 89.4 MPH)
Batting: RHB Nicky Alvarez 0-0: Ball
1-0: Reached on error, E5 (Groundball, 56S, EV 81.3 MPH)
P.J. Sandino to second
Batting: RHB Joshua Massengill 0-0: Called Strike
0-1: Ball
1-1: Grounds into double play, U4-3 (Groundball, 6MD, EV 105.0 MPH)
Top of the 7th over - 1 run, 2 hits, 1 error, 1 left on base; Houston 3 - Las Vegas 8
BOTTOM OF THE 7TH
Las Vegas Knights batting - Pitching for Houston Astros : RHP Alexis Robles
Batting: SHB Craig Boisselle 0-0: Fly out, F6 (Popup, 4MD, EV 71.3 MPH)
Batting: RHB Jackson Dziedzic 0-0: Ball
1-0: Called Strike
1-1: Fly out, F9 (Flyball, 89S, EV 85.6 MPH)
Batting: RHB Lorenzo Canales 0-0: Ball
1-0: SINGLE (Groundball, 34D, EV 98.1 MPH)
Batting: RHB Wayne Dykes 0-0: Called Strike
Lorenzo Canales steals 2nd base
0-1: Ball
1-1: DOUBLE (Flyball, 8RD, EV 105.0 MPH)
Lorenzo Canales scores
Pitching: LHP Jake Keeler
Batting: SHB Patrick Alvarez 0-0: Fly out, F8 (Flyball, 8LD, EV 94.4 MPH)
Bottom of the 7th over - 1 run, 2 hits, 0 errors, 1 left on base; Houston 3 - Las Vegas 9
TOP OF THE 8TH
Houston Astros batting - Pitching for Las Vegas Knights : RHP Noah Bell
Batting: RHB Stephan Davis 0-0: Fly out, F8 (Flyball, 78S, EV 85.6 MPH)
Batting: RHB Bill Thyfault 0-0: Ball
1-0: Swinging Strike
1-1: Ball
2-1: SINGLE (Line Drive, 4D, EV 109.4 MPH)
Batting: LHB Caleb England 0-0: DOUBLE (Flyball, 8RXD, EV 105.0 MPH)
Bill Thyfault to third
Runner from 3rd tries for Home, SAFE, throw by CF to home
Pitching: LHP Elijah Leisch
Batting: RHB Lucas Hansen 0-0: Ball
1-0: Ground out 6-3 (Groundball, 6, EV 82.5 MPH)
Batting: LHB Austin Mitchell 0-0: Ball
1-0: Ball
2-0: Ball
3-0: Foul Ball, location: 7LMF
3-1: Base on Balls
Batting: RHB P.J. Sandino 0-0: Called Strike
0-1: Foul Ball, location: 9LSF
0-2: SINGLE (Groundball, 6D, EV 103.8 MPH)
Caleb England to third
Austin Mitchell to second
Runner from 3rd tries for Home, SAFE, throw by CF to home
Batting: RHB Nick Burkard 0-0: Fielders Choice at 2nd, 6-4 (Groundball, 6, EV 103.1 MPH)
Top of the 8th over - 2 runs, 3 hits, 0 errors, 2 left on base; Houston 5 - Las Vegas 9
BOTTOM OF THE 8TH
Las Vegas Knights batting - Pitching for Houston Astros : LHP Jake Keeler
Batting: RHB Asok Abhijata 0-0: Ball
1-0: Foul Ball, location: 2F
1-1: Foul Ball, location: 5F
1-2: Ball
2-2: Ball
3-2: Strikes out swinging
Batting: RHB Dexter Hines 0-0: Ball
1-0: Called Strike
1-1: Called Strike
1-2: Ball
2-2: Ball
3-2: Strikes out swinging
Batting: RHB Tyler Sexton 0-0: SINGLE (Line Drive, 4D, EV 96.3 MPH)
Batting: RHB Sam Graham 0-0: Swinging Strike
0-1: Ball
1-1: Swinging Strike
1-2: Ball
2-2: Strikes out swinging
Bottom of the 8th over - 0 runs, 1 hit, 0 errors, 1 left on base; Houston 5 - Las Vegas 9
TOP OF THE 9TH
Houston Astros batting - Pitching for Las Vegas Knights : LHP Elijah Leisch
Pitching: RHP Stan DeGroat
Batting: RHB Nicky Alvarez 0-0: Ball
1-0: Swinging Strike
1-1: Ground out 4-3 (Groundball, 4M, EV 76.9 MPH)
Batting: RHB Joshua Massengill 0-0: Ball
1-0: Ground out 4-3 (Groundball, 4MD, EV 102.5 MPH)
Batting: RHB Stephan Davis 0-0: Ball
1-0: Called Strike
1-1: SINGLE (Line Drive, 89S, EV 86.9 MPH)
Batting: RHB Bill Thyfault 0-0: Called Strike
0-1: Ball
1-1: Ball
2-1: Ground out 2-3 (Groundball, 2L, EV 71.9 MPH)
Top of the 9th over - 0 runs, 1 hit, 0 errors, 1 left on base; Houston 5 - Las Vegas 9
Tuesday, April 23rd , 2024 - OOTP Baseball 24.11 Build 85